Maple Leafs vs Senateurs

Created - 10 avril 2024 at 09:43

Goals
1 2 3 T
Maple Leafs 0 0 1 1
Senateurs 2 1 3 6
Shots
1 2 3 T
Maple Leafs 10 14 10 34
Senateurs 13 10 23 46

GoalsPenalties
1st period
1. Senateurs , Steven Stamkos 37 (Jared McCann 32) at 10:40
2. Senateurs , Philipp Kurashev 10 (Dougie Hamilton 32, Michael Anderson 22) at 14:17
No Penalty
2nd period
3. Senateurs , Casey Cizikas 9 (Dougie Hamilton 33, Alexander Kerfoot 17) at 11:57
Artem Zub (OTT) for Slashing (Minor) at 7:35
Casey Cizikas (OTT) for Tripping (Minor) at 16:45
3rd period
4. Senateurs , Nick Bjugstad 13 (Alexander Kerfoot 18, Dougie Hamilton 34) at 1:37
5. Maple Leafs , Jesper Bratt 29 (Hampus Lindholm 21, Mikhail Sergachev 14) at 7:49
6. Senateurs , Jared McCann 18 (Steven Stamkos 47) at 8:01
7. Senateurs , Jared McCann 19 (Andre Burakovsky 24, Steven Stamkos 48) at 16:49
No Penalty
Goalie Stats
Jordan Binnington (TOR), 40 saves from 46 shots - (0,870), L, 8-19-9, 60:00 minutes
Ilya Sorokin (OTT), 33 saves from 34 shots - (0,971), W, 28-11-6, 60:00 minutes
3 StarsOfficial
1 - Jared McCann (OTT)
2 - Steven Stamkos (OTT)
3 - Dougie Hamilton (OTT)
Referees : Jean Hebert and Brandon Schrader
Linesman : Pierre Racicot and Steven Walsh
Game Note
No Game Note
Finance
Level 1 -- Attendance: 5715 (95,25%) -- Ticket Income $514,350
Level 2 -- Attendance: 5000 (100,00%) -- Ticket Income $275,000
Level 3 -- Attendance: 2000 (100,00%) -- Ticket Income $66,000
Level 4 -- Attendance: 4000 (100,00%) -- Ticket Income $72,000
Luxury Box -- Attendance: 925 (92,50%) -- Ticket Income $166,500
Game was played at the Place Banque Scottia.
Total Attendance: 17640 (98,00%)
Total Ticket Income: $1,093,850
Other Income: $535,986
Total Income: $1,629,836



Team Name Goals Shots Shots Attemp Shots Blocked PIM HIT PP PK FO%
Maple Leafs 13463140220 / 2 (0%)042%
Senateurs 6467794180 / 0 (0,00%058%

Maple Leafs
Player Name POS G A P +/- PIM HIT SHT SB MP PP MP PP SHT PK MP PK SHT FO% FOT GA TA
Alex IafalloC/LW000-2012016:361:2210:0000% 010
Alexander RomanovD000-3032121:501:5800:0000% 001
Andrei SvechnikovLW/RW000-3009121:202:2700:00050% 210
Ben HuttonD000000000:510:0000:0000% 000
Braden SchneiderD000-1010215:250:0000:0000% 000
Cam FowlerD000-3000321:501:5800:0000% 000
Connor BedardC000-3013319:331:4100:00041% 1700
Erik GustafssonD000-1001015:250:0000:0000% 000
Hampus LindholmD011-1001121:542:0000:0000% 001
Jesper BrattLW/RW1011015018:401:3110:000100% 111
Jonas RondbjergLW/RW0001010017:080:0000:00025% 401
Kaapo KakkoRW000-2010013:430:0000:00050% 201
Linus KarlssonC000-100206:170:0000:000100% 201
Mattias JanmarkC/LW/RW000-3012019:550:2500:00029% 1701
Michael McCarronC/RW000-103006:280:0000:000100% 100
Mikhail SergachevD011-1021222:452:0000:0000% 000
Nikolaj EhlersRW000-3035121:202:2700:0000% 201
Ryan JohansenC/RW0001041019:002:0100:00047% 1701
Senateurs
Player Name POS G A P +/- PIM HIT SHT SB MP PP MP PP SHT PK MP PK SHT FO% FOT GA TA
Alexander EdlerD0001021219:160:0001:0500% 000
Alexander KerfootC/LW/RW0221014014:440:0001:5400% 100
Andre BurakovskyLW/RW0113013118:340:0001:0800% 200
Artem ZubD0000210118:070:0000:5400% 001
Casey CizikasC/LW1012202011:170:0000:30060% 500
Colton SissonsC/RW000-1010016:180:0001:16057% 1400
Dougie HamiltonD0334006222:310:0001:3100% 020
Eric RobinsonLW/RW0002012010:440:0000:0000% 100
Evan BouchardD0001001017:510:0000:3300% 010
Jakub VoracekLW/RW000-1004015:020:0000:00050% 201
Jared McCannC/LW/RW2133003018:570:0001:35050% 210
Michael AndersonD0113011022:530:0002:2000% 001
Nicholas PaulC/LW0001022012:500:0000:0000% 000
Nick BjugstadC/RW1011013114:040:0001:14050% 1220
Nick HoldenD0001011120:370:0001:3300% 000
Philipp KurashevC/LW/RW1012013010:440:0000:0000% 000
Ryan HartmanC/LW/RW000-1045115:250:0000:19050% 210
Steven StamkosC/LW/RW1233015016:060:0000:00075% 2420

Maple Leafs

5 vs 5 Forward
Line #Left WingCenterRight WingPHYDFOFWanted %Time %Time Play
1Andrei SvechnikovConnor BedardNikolaj Ehlers0413434%18:53
2Jesper BrattRyan JohansenJonas Rondbjerg0413131%17:09
3Alex IafalloMattias JanmarkKaapo Kakko0502524%13:43
4Mattias JanmarkLinus KarlssonMichael McCarron0501011%6:17
5 vs 5 Defense
Line #DefenseDefensePHYDFOFWanted %Time %Time Play
1Mikhail SergachevHampus Lindholm0413636%19:54
2Cam FowlerAlexander Romanov0143635%19:52
3Erik GustafssonBraden Schneider0412828%15:25
4Ben HuttonMikhail Sergachev04102%0:51
Power Play Forward
Line #Left WingCenterRight WingPHYDFOFWanted %Time %Time Play
1Andrei SvechnikovRyan JohansenNikolaj Ehlers0145062%2:27
2Jesper BrattConnor BedardRyan Johansen0145038%1:31
Power Play Defense
Line #DefenseDefensePHYDFOFWanted %Time %Time Play
1Mikhail SergachevHampus Lindholm0146050%2:00
2Cam FowlerAlexander Romanov0144050%1:58
Penalty Kill 4 Players Forward
Line #CenterWingPHYDFOFWanted %Time %Time Play
1Ryan JohansenAndrei Svechnikov050600%0:00
2Connor BedardJesper Bratt050400%0:00
Penalty Kill 4 Players Defense
Line #DefenseDefensePHYDFOFWanted %Time %Time Play
1Mikhail SergachevHampus Lindholm050600%0:00
2Cam FowlerAlexander Romanov050400%0:00
Penalty Kill 3 Players
Line #WingPHYDFOFWanted %Time %Time PlayDefenseDefensePHYDFOFWanted %Time %Time Play
1Ryan Johansen050600%0:00 Mikhail SergachevHampus Lindholm050600%0:00
2Connor Bedard050400%0:00 Cam FowlerAlexander Romanov050400%0:00
4 vs 4 Forward
Line #CenterWingPHYDFOFWanted %Time %Time Play
1Ryan JohansenAndrei Svechnikov050600%0:00
2Connor BedardJesper Bratt050400%0:00
4 vs 4 Defense
Line #DefensePHYDFOFWanted %Time %Time Play
1Mikhail SergachevHampus Lindholm050600%0:00
2Cam FowlerAlexander Romanov050400%0:00
Last Minutes Offensive
Left WingCenterRight WingDefenseDefense
Andrei SvechnikovRyan JohansenNikolaj EhlersMikhail SergachevHampus Lindholm
Last Minutes Defensive
Left WingCenterRight WingDefenseDefense
Andrei SvechnikovRyan JohansenNikolaj EhlersMikhail SergachevHampus Lindholm
Time
Total ForwardTotal DefenseLast Minutes OffensiveLast Minutes Defensive
60:00 60:00 0:000:00
Extra Forwards
Normal PowerPlayPenalty Kill
Connor Bedard, Alex Iafallo, Mattias JanmarkConnor Bedard, Alex IafalloConnor Bedard
Extra Defensemen
Normal PowerPlayPenalty Kill
Erik Gustafsson, Braden Schneider, Ben HuttonErik Gustafsson, Erik GustafssonBraden Schneider
Penalty Shots
Andrei Svechnikov, Jesper Bratt, Nikolaj Ehlers, Ryan Johansen, Connor Bedard
Goalie
Jordan Binnington, Pyotr Kochetkov
Custom OT Lines Forwards
Andrei Svechnikov, Jesper Bratt, Nikolaj Ehlers, Ryan Johansen, Connor Bedard, Alex Iafallo, Mattias Janmark, Kaapo Kakko, Michael McCarron, Jonas Rondbjerg
Custom OT Lines Defensemen
Mikhail Sergachev, Hampus Lindholm, Cam Fowler, Alexander Romanov, Erik Gustafsson
Scratches
Travis Dermott (Healthy), Timothy Liljegren (Healthy)

Senateurs

5 vs 5 Forward
Line #Left WingCenterRight WingPHYDFOFWanted %Time %Time Play
1Andre BurakovskySteven StamkosJared McCann1223131%17:26
2Jakub VoracekColton SissonsRyan Hartman1222727%15:02
3Nicholas PaulNick BjugstadAlexander Kerfoot1222323%12:50
4Eric RobinsonCasey CizikasPhilipp Kurashev1221919%10:44
5 vs 5 Defense
Line #DefenseDefensePHYDFOFWanted %Time %Time Play
1Dougie HamiltonMichael Anderson1223637%20:33
2Alexander EdlerNick Holden1223332%18:11
3Artem ZubEvan Bouchard1223131%17:18
4Dougie HamiltonMichael Anderson12200%0:00
Power Play Forward
Line #Left WingCenterRight WingPHYDFOFWanted %Time %Time Play
1Jared McCannSteven StamkosAndre Burakovsky122600%0:00
2Jakub VoracekNicholas PaulRyan Hartman122400%0:00
Power Play Defense
Line #DefenseDefensePHYDFOFWanted %Time %Time Play
1Dougie HamiltonEvan Bouchard122600%0:00
2Alexander EdlerArtem Zub122400%0:00
Penalty Kill 4 Players Forward
Line #CenterWingPHYDFOFWanted %Time %Time Play
1Colton SissonsAlexander Kerfoot1226069%2:44
2Casey CizikasNick Bjugstad1224031%1:14
Penalty Kill 4 Players Defense
Line #DefenseDefensePHYDFOFWanted %Time %Time Play
1Michael AndersonNick Holden1226073%2:53
2Artem ZubAlexander Edler1224027%1:05
Penalty Kill 3 Players
Line #WingPHYDFOFWanted %Time %Time PlayDefenseDefensePHYDFOFWanted %Time %Time Play
1Colton Sissons122600%0:00 Michael AndersonNick Holden122600%0:00
2Casey Cizikas122400%0:00 Artem ZubAlexander Edler122400%0:00
4 vs 4 Forward
Line #CenterWingPHYDFOFWanted %Time %Time Play
1Casey CizikasJakub Voracek122600%0:00
2Colton SissonsAndre Burakovsky122400%0:00
4 vs 4 Defense
Line #DefensePHYDFOFWanted %Time %Time Play
1Alexander EdlerNick Holden122600%0:00
2Artem ZubEvan Bouchard122400%0:00
Last Minutes Offensive
Left WingCenterRight WingDefenseDefense
Jared McCannSteven StamkosAndre BurakovskyDougie HamiltonEvan Bouchard
Last Minutes Defensive
Left WingCenterRight WingDefenseDefense
Casey CizikasColton SissonsAlexander KerfootNick HoldenArtem Zub
Time
Total ForwardTotal DefenseLast Minutes OffensiveLast Minutes Defensive
60:00 60:00 0:000:00
Extra Forwards
Normal PowerPlayPenalty Kill
Colton Sissons, Andre Burakovsky, Jakub VoracekSteven Stamkos, Jared McCannColton Sissons
Extra Defensemen
Normal PowerPlayPenalty Kill
Dougie Hamilton, Artem Zub, Nick HoldenDougie Hamilton, Michael AndersonArtem Zub
Penalty Shots
Steven Stamkos, Jared McCann, Andre Burakovsky, Colton Sissons, Ryan Hartman
Goalie
Ilya Sorokin, Cam Talbot
Custom OT Lines Forwards
Steven Stamkos, Jared McCann, Andre Burakovsky, Colton Sissons, Ryan Hartman, Jakub Voracek, Nick Bjugstad, Nicholas Paul, Alexander Kerfoot, Casey Cizikas
Custom OT Lines Defensemen
Dougie Hamilton, Evan Bouchard, Michael Anderson, Alexander Edler, Nick Holden
Scratches
Devin Shore (Healthy), Mark Friedman (Healthy), Logan Shaw (Healthy)


Play-by-Play

1st period


0:01 of 1st period - Steven Stamkos wins face-off versus Connor Bedard in neutral zone.
0:26 of 1st period - Colton Sissons is hit by Jesper Bratt and loses puck.
0:51 of 1st period - Alex Iafallo is hit by Alexander Edler and loses puck.
1:00 of 1st period - Snap shot by Nick Bjugstad.
1:00 of 1st period - Stopped by Jordan Binnington without a rebound.
1:01 of 1st period - Connor Bedard wins face-off versus Casey Cizikas in Maple Leafs zone.
1:10 of 1st period - Snap shot by Andrei Svechnikov.
1:10 of 1st period - Stopped by Ilya Sorokin with a rebound.
1:26 of 1st period - Steven Stamkos is hit by Michael McCarron and loses puck.
1:45 of 1st period - Alexander Kerfoot is hit by Ryan Johansen and loses puck.
1:50 of 1st period - Snap shot by Jesper Bratt.
1:50 of 1st period - Shot Misses the Net.
1:52 of 1st period - Snap shot by Erik Gustafsson.
1:52 of 1st period - Shot Blocked by Nick Bjugstad.
2:43 of 1st period - Wrist shot by Jakub Voracek.
2:43 of 1st period - Stopped by Jordan Binnington without a rebound.
2:44 of 1st period - Ryan Johansen wins face-off versus Casey Cizikas in Maple Leafs zone.
4:13 of 1st period - Slapshot by Jesper Bratt.
4:13 of 1st period - Shot Misses the Net.
4:15 of 1st period - Slapshot by Alexander Romanov.
4:15 of 1st period - Shot Misses the Net.
4:45 of 1st period - Nick Bjugstad is hit by Nikolaj Ehlers and loses puck.
5:21 of 1st period - Wrist shot by Ryan Hartman.
5:21 of 1st period - Shot Misses the Net.
6:05 of 1st period - Slapshot by Ryan Johansen.
6:05 of 1st period - Stopped by Ilya Sorokin without a rebound.
6:06 of 1st period - Casey Cizikas wins face-off versus Ryan Johansen in Senateurs zone.
6:11 of 1st period - Slapshot by Philipp Kurashev.
6:11 of 1st period - Shot Blocked by Mikhail Sergachev.
6:19 of 1st period - Wrist shot by Jesper Bratt.
6:19 of 1st period - Shot Blocked by Alexander Edler.
6:21 of 1st period - Slapshot by Mikhail Sergachev.
6:21 of 1st period - Deflect By Ryan Johansen.
6:21 of 1st period - Shot Blocked by Nick Holden.
6:21 of 1st period - Puck is out of play.
6:22 of 1st period - Steven Stamkos wins face-off versus Nikolaj Ehlers in Senateurs zone.
6:22 of 1st period - Steven Stamkos is hit by Alexander Romanov.
7:12 of 1st period - Alexander Romanov is hit by Ryan Hartman and loses puck.
7:59 of 1st period - Snap shot by Ryan Johansen.
7:59 of 1st period - Shot Misses the Net.
8:11 of 1st period - Snap shot by Linus Karlsson.
8:11 of 1st period - Stopped by Ilya Sorokin with a rebound.
8:22 of 1st period - Off-side.
8:23 of 1st period - Colton Sissons wins face-off versus Connor Bedard in neutral zone.
8:32 of 1st period - Wrist shot by Andrei Svechnikov.
8:32 of 1st period - Stopped by Ilya Sorokin without a rebound.
8:33 of 1st period - Kaapo Kakko wins face-off versus Andre Burakovsky in Senateurs zone.
9:30 of 1st period - Wrist shot by Jesper Bratt.
9:30 of 1st period - Stopped by Ilya Sorokin without a rebound.
9:31 of 1st period - Steven Stamkos wins face-off versus Mattias Janmark in Senateurs zone.
9:31 of 1st period - Steven Stamkos is hit by Mikhail Sergachev.
9:39 of 1st period - Snap shot by Jared McCann.
9:39 of 1st period - Shot Blocked by Mikhail Sergachev.
10:01 of 1st period - Wrist shot by Nikolaj Ehlers.
10:01 of 1st period - Stopped by Ilya Sorokin with a rebound.
10:05 of 1st period - Snap shot by Andrei Svechnikov.
10:05 of 1st period - Stopped by Ilya Sorokin without a rebound.
10:06 of 1st period - Ryan Johansen wins face-off versus Nick Bjugstad in Senateurs zone.
10:23 of 1st period - Nick Holden is hit by Braden Schneider and loses puck.
10:40 of 1st period - Wrist shot by Steven Stamkos.
10:40 of 1st period - Goal by Steven Stamkos - Maple Leafs : 0 - Senateurs : 1.
10:41 of 1st period - Colton Sissons wins face-off versus Mattias Janmark in neutral zone.
11:25 of 1st period - Wrist shot by Jesper Bratt.
11:25 of 1st period - Shot Misses the Net.
13:06 of 1st period - Nikolaj Ehlers is hit by Michael Anderson and loses puck.
13:11 of 1st period - Slapshot by Dougie Hamilton.
13:11 of 1st period - Stopped by Jordan Binnington with a rebound.
13:13 of 1st period - Snap shot by Philipp Kurashev.
13:13 of 1st period - Shot Blocked by Andrei Svechnikov.
13:15 of 1st period - Wrist shot by Philipp Kurashev.
13:15 of 1st period - Shot Misses the Net.
13:33 of 1st period - Slapshot by Dougie Hamilton.
13:33 of 1st period - Stopped by Jordan Binnington with a rebound.
13:35 of 1st period - Wrist shot by Dougie Hamilton.
13:35 of 1st period - Shot Blocked by Alexander Romanov.
13:37 of 1st period - Snap shot by Eric Robinson.
13:37 of 1st period - Shot Misses the Net.
13:39 of 1st period - Wrist shot by Eric Robinson.
13:39 of 1st period - Stopped by Jordan Binnington with a rebound.
13:41 of 1st period - Wrist shot by Michael Anderson.
13:41 of 1st period - Shot Blocked by Cam Fowler.
13:43 of 1st period - Wrist shot by Casey Cizikas.
13:43 of 1st period - Shot Blocked by Connor Bedard.
13:45 of 1st period - Snap shot by Casey Cizikas.
13:45 of 1st period - Shot Misses the Net.
13:47 of 1st period - Slapshot by Dougie Hamilton.
13:47 of 1st period - Deflect By Andrei Svechnikov.
13:47 of 1st period - Stopped by Jordan Binnington with a rebound.
13:49 of 1st period - Snap shot by Michael Anderson.
13:49 of 1st period - Stopped by Jordan Binnington with a rebound.
14:17 of 1st period - Snap shot by Philipp Kurashev.
14:17 of 1st period - Goal by Philipp Kurashev - Maple Leafs : 0 - Senateurs : 2.
14:18 of 1st period - Steven Stamkos wins face-off versus Ryan Johansen in neutral zone.
14:30 of 1st period - Icing by Mikhail Sergachev.
14:31 of 1st period - Jonas Rondbjerg wins face-off versus Colton Sissons in Maple Leafs zone.
14:46 of 1st period - Jakub Voracek is hit by Jonas Rondbjerg and loses puck.
14:50 of 1st period - Icing by Nick Holden.
14:51 of 1st period - Mattias Janmark wins face-off versus Colton Sissons in Senateurs zone.
15:40 of 1st period - Braden Schneider is hit by Ryan Hartman.
15:54 of 1st period - Slapshot by Nikolaj Ehlers.
15:54 of 1st period - Deflect By Colton Sissons.
15:54 of 1st period - Shot Misses the Net.
15:54 of 1st period - Puck is out of play.
15:55 of 1st period - Steven Stamkos wins face-off versus Jonas Rondbjerg in Senateurs zone.
15:57 of 1st period - Icing by Jared McCann.
15:58 of 1st period - Steven Stamkos wins face-off versus Ryan Johansen in Senateurs zone.
16:28 of 1st period - Off-side.
16:29 of 1st period - Mattias Janmark wins face-off versus Alexander Kerfoot in neutral zone.
16:42 of 1st period - Off-side.
16:43 of 1st period - Ryan Johansen wins face-off versus Steven Stamkos in neutral zone.
17:08 of 1st period - Nicholas Paul is hit by Nikolaj Ehlers.
17:14 of 1st period - Wrist shot by Andrei Svechnikov.
17:14 of 1st period - Shot Misses the Net.
17:16 of 1st period - Snap shot by Connor Bedard.
17:16 of 1st period - Stopped by Ilya Sorokin with a rebound.
17:52 of 1st period - Snap shot by Philipp Kurashev.
17:52 of 1st period - Stopped by Jordan Binnington with a rebound.
18:45 of 1st period - Icing by Braden Schneider.
18:46 of 1st period - Colton Sissons wins face-off versus Connor Bedard in Maple Leafs zone.
18:51 of 1st period - Snap shot by Ryan Hartman.
18:51 of 1st period - Stopped by Jordan Binnington with a rebound.
18:53 of 1st period - Snap shot by Colton Sissons.
18:53 of 1st period - Shot Blocked by Nikolaj Ehlers.
18:57 of 1st period - Snap shot by Ryan Hartman.
18:57 of 1st period - Shot Misses the Net.
19:01 of 1st period - Snap shot by Jakub Voracek.
19:01 of 1st period - Stopped by Jordan Binnington with a rebound.
19:11 of 1st period - Andrei Svechnikov is hit by Alexander Kerfoot.
19:17 of 1st period - Slapshot by Andrei Svechnikov.
19:17 of 1st period - Shot Misses the Net.
19:22 of 1st period - Off-side.
19:23 of 1st period - Steven Stamkos wins face-off versus Mattias Janmark in neutral zone.
19:26 of 1st period - Snap shot by Steven Stamkos.
19:26 of 1st period - Stopped by Jordan Binnington without a rebound.
19:27 of 1st period - Steven Stamkos wins face-off versus Mattias Janmark in Maple Leafs zone.
19:28 of 1st period - Snap shot by Jared McCann.
19:28 of 1st period - Deflect By Steven Stamkos.
19:28 of 1st period - Shot Misses the Net.
19:28 of 1st period - Puck is out of play.
19:29 of 1st period - Mattias Janmark wins face-off versus Andre Burakovsky in Maple Leafs zone.
19:38 of 1st period - Snap shot by Mattias Janmark.
19:38 of 1st period - Stopped by Ilya Sorokin without a rebound.
19:39 of 1st period - Mattias Janmark wins face-off versus Steven Stamkos in Senateurs zone.
19:40 of 1st period - Wrist shot by Alex Iafallo.
19:40 of 1st period - Stopped by Ilya Sorokin with a rebound.
Goals for this period are 0 for Maple Leafs vs 2 for Senateurs.
Shots for this period are 10 for Maple Leafs vs 13 for Senateurs.

2nd period


0:01 of 2nd period - Ryan Johansen wins face-off versus Steven Stamkos in neutral zone.
1:01 of 2nd period - Off-side.
1:02 of 2nd period - Nick Bjugstad wins face-off versus Ryan Johansen in neutral zone.
1:17 of 2nd period - Wrist shot by Ryan Johansen.
1:17 of 2nd period - Shot Misses the Net.
1:26 of 2nd period - Icing by Dougie Hamilton.
1:27 of 2nd period - Nick Bjugstad wins face-off versus Mattias Janmark in Senateurs zone.
1:38 of 2nd period - Slapshot by Ryan Hartman.
1:38 of 2nd period - Shot Misses the Net.
2:11 of 2nd period - Cam Fowler is hit by Eric Robinson and loses puck.
2:16 of 2nd period - Snap shot by Casey Cizikas.
2:16 of 2nd period - Stopped by Jordan Binnington with a rebound.
2:18 of 2nd period - Slapshot by Evan Bouchard.
2:18 of 2nd period - Stopped by Jordan Binnington with a rebound.
2:20 of 2nd period - Wrist shot by Casey Cizikas.
2:20 of 2nd period - Shot Blocked by Cam Fowler.
2:56 of 2nd period - Snap shot by Nikolaj Ehlers.
2:56 of 2nd period - Shot Misses the Net.
2:58 of 2nd period - Slapshot by Connor Bedard.
2:58 of 2nd period - Stopped by Ilya Sorokin with a rebound.
3:44 of 2nd period - Snap shot by Alexander Kerfoot.
3:44 of 2nd period - Stopped by Jordan Binnington without a rebound.
3:45 of 2nd period - Steven Stamkos wins face-off versus Jonas Rondbjerg in Maple Leafs zone.
4:30 of 2nd period - Mattias Janmark is hit by Nick Bjugstad and loses puck.
4:49 of 2nd period - Wrist shot by Casey Cizikas.
4:49 of 2nd period - Shot Misses the Net.
4:57 of 2nd period - Kaapo Kakko is hit by Philipp Kurashev and loses puck.
5:12 of 2nd period - Steven Stamkos is hit by Kaapo Kakko and loses puck.
5:23 of 2nd period - Wrist shot by Mattias Janmark.
5:23 of 2nd period - Shot Misses the Net.
5:25 of 2nd period - Snap shot by Kaapo Kakko.
5:25 of 2nd period - Shot Misses the Net.
5:27 of 2nd period - Wrist shot by Mattias Janmark.
5:27 of 2nd period - Stopped by Ilya Sorokin with a rebound.
5:45 of 2nd period - Wrist shot by Steven Stamkos.
5:45 of 2nd period - Stopped by Jordan Binnington without a rebound.
5:46 of 2nd period - Colton Sissons wins face-off versus Connor Bedard in Maple Leafs zone.
5:49 of 2nd period - Snap shot by Ryan Hartman.
5:49 of 2nd period - Stopped by Jordan Binnington without a rebound.
5:50 of 2nd period - Jakub Voracek wins face-off versus Connor Bedard in Maple Leafs zone.
5:56 of 2nd period - Off-side.
5:57 of 2nd period - Connor Bedard wins face-off versus Nick Bjugstad in neutral zone.
6:41 of 2nd period - Off-side.
6:42 of 2nd period - Jared McCann wins face-off versus Connor Bedard in neutral zone.
6:53 of 2nd period - Wrist shot by Steven Stamkos.
6:53 of 2nd period - Stopped by Jordan Binnington without a rebound.
6:54 of 2nd period - Colton Sissons wins face-off versus Ryan Johansen in Maple Leafs zone.
7:35 of 2nd period - Minor Penalty to Artem Zub for Slashing.
7:36 of 2nd period - Colton Sissons wins face-off versus Andrei Svechnikov in Senateurs zone.
8:01 of 2nd period - Mikhail Sergachev is hit by Colton Sissons and loses puck.
8:53 of 2nd period - Alexander Edler is hit by Alexander Romanov and loses puck.
9:08 of 2nd period - Wrist shot by Alex Iafallo.
9:08 of 2nd period - Stopped by Ilya Sorokin with a rebound.
9:10 of 2nd period - Slapshot by Alexander Romanov.
9:10 of 2nd period - Shot Misses the Net.
9:35 of 2nd period - Penalty to Artem Zub is over, Artem Zub is back on ice.
10:00 of 2nd period - Snap shot by Andrei Svechnikov.
10:00 of 2nd period - Stopped by Ilya Sorokin with a rebound.
10:02 of 2nd period - Slapshot by Alexander Romanov.
10:02 of 2nd period - Shot Misses the Net.
10:04 of 2nd period - Wrist shot by Nikolaj Ehlers.
10:04 of 2nd period - Stopped by Ilya Sorokin with a rebound.
10:06 of 2nd period - Wrist shot by Alexander Romanov.
10:06 of 2nd period - Stopped by Ilya Sorokin with a rebound.
10:42 of 2nd period - Snap shot by Nikolaj Ehlers.
10:42 of 2nd period - Stopped by Ilya Sorokin with a rebound.
10:44 of 2nd period - Slapshot by Andrei Svechnikov.
10:44 of 2nd period - Shot Blocked by Artem Zub.
10:46 of 2nd period - Snap shot by Alex Iafallo.
10:46 of 2nd period - Shot Misses the Net.
10:48 of 2nd period - Slapshot by Alexander Romanov.
10:48 of 2nd period - Deflect By Andrei Svechnikov.
10:48 of 2nd period - Stopped by Ilya Sorokin with a rebound.
10:50 of 2nd period - Slapshot by Alexander Romanov.
10:50 of 2nd period - Stopped by Ilya Sorokin without a rebound.
10:51 of 2nd period - Colton Sissons wins face-off versus Ryan Johansen in Senateurs zone.
10:51 of 2nd period - Colton Sissons is hit by Ryan Johansen.
11:01 of 2nd period - Slapshot by Ryan Johansen.
11:01 of 2nd period - Shot Misses the Net.
11:03 of 2nd period - Snap shot by Mikhail Sergachev.
11:03 of 2nd period - Stopped by Ilya Sorokin without a rebound.
11:04 of 2nd period - Ryan Hartman wins face-off versus Ryan Johansen in Senateurs zone.
11:19 of 2nd period - Jakub Voracek is hit by Mikhail Sergachev.
11:38 of 2nd period - Nick Bjugstad is hit by Michael McCarron and loses puck.
11:51 of 2nd period - Slapshot by Dougie Hamilton.
11:51 of 2nd period - Shot Blocked by Braden Schneider.
11:55 of 2nd period - Wrist shot by Casey Cizikas.
11:55 of 2nd period - Shot Blocked by Braden Schneider.
11:57 of 2nd period - Slapshot by Casey Cizikas.
11:57 of 2nd period - Goal by Casey Cizikas - Maple Leafs : 0 - Senateurs : 3.
11:58 of 2nd period - Ryan Johansen wins face-off versus Nick Bjugstad in neutral zone.
12:07 of 2nd period - Wrist shot by Alexander Kerfoot.
12:07 of 2nd period - Stopped by Jordan Binnington without a rebound.
12:08 of 2nd period - Ryan Johansen wins face-off versus Nick Bjugstad in Maple Leafs zone.
12:41 of 2nd period - Slapshot by Nicholas Paul.
12:41 of 2nd period - Stopped by Jordan Binnington without a rebound.
12:42 of 2nd period - Linus Karlsson wins face-off versus Colton Sissons in Maple Leafs zone.
13:23 of 2nd period - Snap shot by Steven Stamkos.
13:23 of 2nd period - Shot Blocked by Connor Bedard.
13:25 of 2nd period - Wrist shot by Steven Stamkos.
13:25 of 2nd period - Stopped by Jordan Binnington with a rebound.
13:31 of 2nd period - Jared McCann is hit by Nikolaj Ehlers and loses puck.
13:42 of 2nd period - Cam Fowler is hit by Nicholas Paul and loses puck.
14:23 of 2nd period - Snap shot by Nikolaj Ehlers.
14:23 of 2nd period - Stopped by Ilya Sorokin with a rebound.
14:42 of 2nd period - Icing by Jared McCann.
14:43 of 2nd period - Michael McCarron wins face-off versus Steven Stamkos in Senateurs zone.
14:44 of 2nd period - Slapshot by Linus Karlsson.
14:44 of 2nd period - Stopped by Ilya Sorokin with a rebound.
14:46 of 2nd period - Wrist shot by Erik Gustafsson.
14:46 of 2nd period - Shot Blocked by Alexander Edler.
14:48 of 2nd period - Wrist shot by Erik Gustafsson.
14:48 of 2nd period - Stopped by Ilya Sorokin without a rebound.
14:49 of 2nd period - Andrei Svechnikov wins face-off versus Colton Sissons in Senateurs zone.
15:08 of 2nd period - Alexander Edler is hit by Connor Bedard and loses puck.
15:17 of 2nd period - Snap shot by Ryan Hartman.
15:17 of 2nd period - Shot Misses the Net.
15:31 of 2nd period - Snap shot by Jakub Voracek.
15:31 of 2nd period - Shot Misses the Net.
15:50 of 2nd period - Icing by Nick Holden.
15:51 of 2nd period - Ryan Johansen wins face-off versus Ryan Hartman in Senateurs zone.
16:15 of 2nd period - Colton Sissons is hit by Mattias Janmark and loses puck.
16:34 of 2nd period - Snap shot by Ryan Hartman.
16:34 of 2nd period - Shot Misses the Net.
16:45 of 2nd period - Minor Penalty to Casey Cizikas for Tripping.
16:46 of 2nd period - Connor Bedard wins face-off versus Jared McCann in Senateurs zone.
16:55 of 2nd period - Wrist shot by Jesper Bratt.
16:55 of 2nd period - Stopped by Ilya Sorokin with a rebound.
18:45 of 2nd period - Penalty to Casey Cizikas is over, Casey Cizikas is back on ice.
19:56 of 2nd period - Andrei Svechnikov is hit by Nick Holden and loses puck.
Goals for this period are 0 for Maple Leafs vs 1 for Senateurs.
Shots for this period are 14 for Maple Leafs vs 10 for Senateurs.

3rd period


0:01 of 3rd period - Steven Stamkos wins face-off versus Ryan Johansen in neutral zone.
0:25 of 3rd period - Andre Burakovsky is hit by Ryan Johansen and loses puck.
0:46 of 3rd period - Snap shot by Jared McCann.
0:46 of 3rd period - Stopped by Jordan Binnington without a rebound.
0:47 of 3rd period - Connor Bedard wins face-off versus Nick Bjugstad in Maple Leafs zone.
0:56 of 3rd period - Snap shot by Alexander Kerfoot.
0:56 of 3rd period - Stopped by Jordan Binnington without a rebound.
0:57 of 3rd period - Nick Bjugstad wins face-off versus Connor Bedard in Maple Leafs zone.
1:04 of 3rd period - Snap shot by Dougie Hamilton.
1:04 of 3rd period - Stopped by Jordan Binnington with a rebound.
1:35 of 3rd period - Snap shot by Alexander Kerfoot.
1:35 of 3rd period - Shot Blocked by Cam Fowler.
1:37 of 3rd period - Wrist shot by Nick Bjugstad.
1:37 of 3rd period - Goal by Nick Bjugstad - Maple Leafs : 0 - Senateurs : 4.
1:38 of 3rd period - Steven Stamkos wins face-off versus Mattias Janmark in neutral zone.
3:53 of 3rd period - Wrist shot by Ryan Hartman.
3:53 of 3rd period - Stopped by Jordan Binnington with a rebound.
4:23 of 3rd period - Jesper Bratt is hit by Artem Zub and loses puck.
5:04 of 3rd period - Icing by Colton Sissons.
5:05 of 3rd period - Linus Karlsson wins face-off versus Nick Bjugstad in Senateurs zone.
6:18 of 3rd period - Snap shot by Nikolaj Ehlers.
6:18 of 3rd period - Shot Blocked by Dougie Hamilton.
6:20 of 3rd period - Slapshot by Nikolaj Ehlers.
6:20 of 3rd period - Shot Misses the Net.
6:22 of 3rd period - Snap shot by Andrei Svechnikov.
6:22 of 3rd period - Shot Misses the Net.
6:24 of 3rd period - Slapshot by Erik Gustafsson.
6:24 of 3rd period - Shot Blocked by Dougie Hamilton.
6:26 of 3rd period - Slapshot by Andrei Svechnikov.
6:26 of 3rd period - Deflect By Nikolaj Ehlers.
6:26 of 3rd period - Stopped by Ilya Sorokin with a rebound.
6:28 of 3rd period - Slapshot by Connor Bedard.
6:28 of 3rd period - Stopped by Ilya Sorokin without a rebound.
6:29 of 3rd period - Ryan Johansen wins face-off versus Steven Stamkos in Senateurs zone.
6:30 of 3rd period - Snap shot by Jesper Bratt.
6:30 of 3rd period - Stopped by Ilya Sorokin without a rebound.
6:31 of 3rd period - Steven Stamkos wins face-off versus Ryan Johansen in Senateurs zone.
7:33 of 3rd period - Wrist shot by Andrei Svechnikov.
7:33 of 3rd period - Stopped by Ilya Sorokin with a rebound.
7:49 of 3rd period - Snap shot by Jesper Bratt.
7:49 of 3rd period - Goal by Jesper Bratt - Maple Leafs : 1 - Senateurs : 4.
7:50 of 3rd period - Steven Stamkos wins face-off versus Mattias Janmark in neutral zone.
7:57 of 3rd period - Snap shot by Andre Burakovsky.
7:57 of 3rd period - Stopped by Jordan Binnington without a rebound.
7:58 of 3rd period - Steven Stamkos wins face-off versus Mattias Janmark in Maple Leafs zone.
7:59 of 3rd period - Wrist shot by Jared McCann.
7:59 of 3rd period - Shot Misses the Net.
8:01 of 3rd period - Snap shot by Jared McCann.
8:01 of 3rd period - Goal by Jared McCann - Maple Leafs : 1 - Senateurs : 5.
8:02 of 3rd period - Steven Stamkos wins face-off versus Mattias Janmark in neutral zone.
8:06 of 3rd period - Off-side.
8:07 of 3rd period - Steven Stamkos wins face-off versus Kaapo Kakko in neutral zone.
9:18 of 3rd period - Slapshot by Hampus Lindholm.
9:18 of 3rd period - Deflect By Nicholas Paul.
9:18 of 3rd period - Stopped by Ilya Sorokin without a rebound.
9:19 of 3rd period - Nick Bjugstad wins face-off versus Mattias Janmark in Senateurs zone.
9:30 of 3rd period - Snap shot by Nicholas Paul.
9:30 of 3rd period - Deflect By Nick Bjugstad.
9:30 of 3rd period - Stopped by Jordan Binnington without a rebound.
9:31 of 3rd period - Steven Stamkos wins face-off versus Mattias Janmark in Maple Leafs zone.
10:40 of 3rd period - Alexander Kerfoot is hit by Michael McCarron and loses puck.
10:57 of 3rd period - Wrist shot by Andre Burakovsky.
10:57 of 3rd period - Stopped by Jordan Binnington with a rebound.
11:15 of 3rd period - Snap shot by Jakub Voracek.
11:15 of 3rd period - Stopped by Jordan Binnington without a rebound.
11:16 of 3rd period - Connor Bedard wins face-off versus Jakub Voracek in Maple Leafs zone.
11:29 of 3rd period - Wrist shot by Connor Bedard.
11:29 of 3rd period - Shot Misses the Net.
11:31 of 3rd period - Wrist shot by Connor Bedard.
11:31 of 3rd period - Shot Blocked by Ryan Hartman.
11:41 of 3rd period - Alexander Edler is hit by Alex Iafallo and loses puck.
12:12 of 3rd period - Snap shot by Eric Robinson.
12:12 of 3rd period - Stopped by Jordan Binnington without a rebound.
12:13 of 3rd period - Connor Bedard wins face-off versus Colton Sissons in Maple Leafs zone.
12:20 of 3rd period - Snap shot by Andrei Svechnikov.
12:20 of 3rd period - Stopped by Ilya Sorokin with a rebound.
12:22 of 3rd period - Snap shot by Andrei Svechnikov.
12:22 of 3rd period - Stopped by Ilya Sorokin without a rebound.
12:23 of 3rd period - Connor Bedard wins face-off versus Colton Sissons in Senateurs zone.
12:50 of 3rd period - Snap shot by Dougie Hamilton.
12:50 of 3rd period - Stopped by Jordan Binnington without a rebound.
12:51 of 3rd period - Mattias Janmark wins face-off versus Steven Stamkos in Maple Leafs zone.
13:07 of 3rd period - Backhand shot by Alex Iafallo.
13:07 of 3rd period - Deflect By Mattias Janmark.
13:07 of 3rd period - Shot Blocked by Andre Burakovsky.
13:07 of 3rd period - Puck is out of play.
13:08 of 3rd period - Jesper Bratt wins face-off versus Eric Robinson in Senateurs zone.
13:33 of 3rd period - Jesper Bratt is hit by Steven Stamkos and loses puck.
13:40 of 3rd period - Snap shot by Andre Burakovsky.
13:40 of 3rd period - Stopped by Jordan Binnington with a rebound.
13:48 of 3rd period - Slapshot by Cam Fowler.
13:48 of 3rd period - Shot Misses the Net.
14:02 of 3rd period - Mattias Janmark is hit by Alexander Edler and loses puck.
14:21 of 3rd period - Evan Bouchard is hit by Alexander Romanov and loses puck.
14:28 of 3rd period - Snap shot by Andrei Svechnikov.
14:28 of 3rd period - Stopped by Ilya Sorokin without a rebound.
14:29 of 3rd period - Casey Cizikas wins face-off versus Connor Bedard in Senateurs zone.
14:34 of 3rd period - Snap shot by Philipp Kurashev.
14:34 of 3rd period - Deflect By Eric Robinson.
14:34 of 3rd period - Shot Misses the Net.
14:34 of 3rd period - Puck is out of play.
14:35 of 3rd period - Casey Cizikas wins face-off versus Connor Bedard in Maple Leafs zone.
14:36 of 3rd period - Wrist shot by Philipp Kurashev.
14:36 of 3rd period - Shot Misses the Net.
15:10 of 3rd period - Snap shot by Jesper Bratt.
15:10 of 3rd period - Stopped by Ilya Sorokin with a rebound.
15:48 of 3rd period - Wrist shot by Nicholas Paul.
15:48 of 3rd period - Stopped by Jordan Binnington without a rebound.
15:49 of 3rd period - Nick Bjugstad wins face-off versus Connor Bedard in Maple Leafs zone.
15:50 of 3rd period - Backhand shot by Nicholas Paul.
15:50 of 3rd period - Shot Blocked by Connor Bedard.
15:52 of 3rd period - Slapshot by Alexander Edler.
15:52 of 3rd period - Stopped by Jordan Binnington without a rebound.
15:53 of 3rd period - Nick Bjugstad wins face-off versus Mattias Janmark in Maple Leafs zone.
16:02 of 3rd period - Backhand shot by Nick Bjugstad.
16:02 of 3rd period - Shot Misses the Net.
16:04 of 3rd period - Slapshot by Nick Holden.
16:04 of 3rd period - Stopped by Jordan Binnington with a rebound.
16:08 of 3rd period - Slapshot by Alexander Kerfoot.
16:08 of 3rd period - Stopped by Jordan Binnington without a rebound.
16:09 of 3rd period - Colton Sissons wins face-off versus Jonas Rondbjerg in Maple Leafs zone.
16:28 of 3rd period - Jesper Bratt is hit by Ryan Hartman and loses puck.
16:47 of 3rd period - Slapshot by Steven Stamkos.
16:47 of 3rd period - Shot Blocked by Hampus Lindholm.
16:49 of 3rd period - Wrist shot by Andre Burakovsky.
16:49 of 3rd period - Deflect By Jared McCann.
16:49 of 3rd period - Goal by Jared McCann - Maple Leafs : 1 - Senateurs : 6.
16:50 of 3rd period - Steven Stamkos wins face-off versus Nikolaj Ehlers in neutral zone.
17:15 of 3rd period - Erik Gustafsson is hit by Nicholas Paul and loses puck.
17:39 of 3rd period - Wrist shot by Ryan Hartman.
17:39 of 3rd period - Shot Misses the Net.
17:41 of 3rd period - Wrist shot by Jakub Voracek.
17:41 of 3rd period - Stopped by Jordan Binnington with a rebound.
17:43 of 3rd period - Wrist shot by Jakub Voracek.
17:43 of 3rd period - Shot Misses the Net.
17:45 of 3rd period - Wrist shot by Ryan Hartman.
17:45 of 3rd period - Stopped by Jordan Binnington with a rebound.
17:47 of 3rd period - Slapshot by Alexander Edler.
17:47 of 3rd period - Deflect By Ryan Hartman.
17:47 of 3rd period - Stopped by Jordan Binnington with a rebound.
18:22 of 3rd period - Snap shot by Philipp Kurashev.
18:22 of 3rd period - Stopped by Jordan Binnington with a rebound.
18:24 of 3rd period - Slapshot by Dougie Hamilton.
18:24 of 3rd period - Stopped by Jordan Binnington with a rebound.
18:44 of 3rd period - Evan Bouchard is hit by Ryan Johansen and loses puck.
19:11 of 3rd period - Linus Karlsson is hit by Andre Burakovsky and loses puck.
19:30 of 3rd period - Jesper Bratt is hit by Ryan Hartman and loses puck.
Goals for this period are 1 for Maple Leafs vs 3 for Senateurs.
Shots for this period are 10 for Maple Leafs vs 23 for Senateurs.




Output by the SimonT Hockey Simulator (STHS) for Eric Tremblay - Original Page W3C HTML5 Valid
Hockey Simulator - Hockey Simulation - Hockey Manager